 Dungeon Crawl Stone Soup version 0.30-a0-1075-gcd70e7a56d (webtiles) character file.

Game seed: 18431897501797496963

18092 freelancePsychic the Fighter (level 12, -10/90 HPs)
             Began as a Demonspawn Brigand on Apr 14, 2023.
             Was an Elder of Hepliaklqana.
             Killed from afar by a deep elf knight (32 damage)
             ... with a shard of ice
             ... on level 11 of the Dungeon.
             The game lasted 00:23:00 (11572 turns).

freelancePsychic the Fighter (Demonspawn Brigand)  Turns: 11572, Time: 00:23:01

Health: -10/90     AC: 12    Str: 22    XL:     12   Next: 24%
Magic:  21/23      EV: 10    Int: 13    God:    Hepliaklqana [****..]
Gold:   823        SH: 14    Dex: 15    Spells: 11/11 levels left

rFire   . . .      SeeInvis .    O - +1 flail (drain)
rCold   . . .      Faith    .    z - +3 kite shield {AC+3}
rNeg    . . .      Spirit   .    G - +0 steam dragon scales
rPois   .          Reflect  .    S - +1 hat
rElec   .          Rampage  .    u - scarf {repulsion}
rCorr   .                        (no gloves)
Will    .....                    (no boots)
Stlth   +++                      (no amulet)
HPRegen 0.35/turn                i - ring of magical power
MPRegen 0.36/turn                N - +6 ring of strength

@: repel missiles
A: reduced essence, slimy green scales 2, powered by death 3, magic
regeneration, weakness stinger 1
a: Renounce Religion, Recall Ancestor, Ancestor Identity, Transference, Idealise


You were on level 11 of the Dungeon.
You worshipped Hepliaklqana.
Hepliaklqana was greatly pleased with you.
You visited 1 branch of the dungeon, and saw 12 of its levels.
You also visited: Sewer and Ice Cave.

You collected 823 gold pieces.

Inventory:

Hand Weapons
 a - a +2 dagger
 h - a +1 quarterstaff of draining
 O - a +1 flail of draining (weapon)
Missiles
 d - 34 poisoned darts
 e - a curare-tipped dart (quivered)
 n - 8 throwing nets
Armour
 b - a +0 robe
 c - a +0 cloak
 f - a +0 leather armour
 u - a scarf of repulsion (worn)
 v - a +0 ring mail
 z - a +3 kite shield of protection (worn)
 G - +0 steam dragon scales (worn)
 S - a +1 hat (worn)
Jewellery
 i - a ring of magical power (left hand)
 k - a ring of ice
 H - a +6 ring of intelligence
 N - a +6 ring of strength (right hand)
Wands
 l - a wand of roots (36)
 x - a wand of mindburst (13)
 y - a wand of polymorph (13)
 F - a wand of flame (26)
 Q - a wand of charming (8)
Scrolls
 m - 3 scrolls of amnesia
 p - a scroll of fog
 r - 6 scrolls of teleportation {@r4}
 w - a scroll of brand weapon
 A - a scroll of immolation
 B - 2 scrolls of vulnerability
 E - a scroll of blinking
 M - 4 scrolls of poison
 P - 3 scrolls of identify {@r1}
 T - a scroll of fear
Potions
 g - 6 potions of brilliance
 j - 3 potions of magic
 o - 5 potions of attraction
 q - 4 potions of lignification
 s - 6 potions of flight
 t - 2 potions of degeneration {unknown}
 C - 3 potions of heal wounds {unknown}
 D - 4 potions of cancellation {unknown}
 I - a potion of mutation {unknown}
 J - 2 potions of invisibility {unknown}
 K - a potion of haste {@q3}
 L - 3 potions of might
 R - a potion of ambrosia {unknown}


   Skills:
 + Level 11.1 Fighting
 - Level 2.3 Short Blades
 * Level 10.6(11.2) Maces & Flails
 - Level 6.0(9.1) Staves
 - Level 1.7 Throwing
 - Level 0.8 Dodging
 - Level 5.2 Stealth
 + Level 8.9 Shields
 - Level 3.7 Invocations


You had 11 spell levels left.
You didn't know any spells.
Your spell library contained the following spells:

 Spells                   Type           Power      Damage    Failure   Level
 Slow                     Hex            0%         N/A       58%         1
 Summon Small Mammal      Summ           0%         N/A       58%         1
 Call Canine Familiar     Summ           0%         N/A       91%         3
 Confusing Touch          Hex            0%         N/A       91%         3
 Ozocubu's Armour         Ice            0%         N/A       91%         3
 Portal Projectile        Hex/Tloc       0%         N/A       91%         3
 Summon Guardian Golem    Hex/Summ       0%         N/A       91%         3
 Tukima's Dance           Hex            0%         N/A       91%         3
 Vampiric Draining        Necr           0%         2d6       91%         3
 Animate Armour           Summ/Erth      0%         N/A       100%        4
 Blade Hands              Tmut           0%         N/A       100%        5
 Iron Shot                Conj/Erth      0%         9d1       100%        6
 Ozocubu's Refrigeration  Ice            0%         4d7       100%        7


Dungeon Overview and Level Annotations

Branches:
Dungeon (12/15)            Temple (0/1) D:5            Lair (0/5) D:11
    Orc (0/2) D:10          Sewer (visited)           IceCv (visited)

Altars:
Fedhas
Hepliaklqana
Makhleb
Trog
Uskayaw
Vehumet
Wu Jian

Annotations:
D:5 1 runed translucent door, Crazy Yiuf, Dowan, Duvessa


Innate Abilities, Weirdness & Mutations

Your life essence is reduced to manifest your ancestor. (-10% HP)
You are mostly covered in slimy green scales. (AC +3)
You regenerate a lot of health from kills.
You regenerate magic rapidly.
You have a small tail.


Message History

Your tail-slap misses the deep elf knight.
The deep elf knight is heavily wounded.
The deep elf knight gestures at you while chanting.
The shard of ice hits you!
You thump the deep elf knight! You tail-slap the deep elf knight.
The deep elf knight is severely wounded.
Wolf closely misses something.
Something hits you! You block the deep elf knight's attack.
You closely miss the deep elf knight. You tail-slap the deep elf knight.
The deep elf knight is almost dead.
Wolf barely misses something.
You block something's attack.
The deep elf knight hits you with a +0 scimitar!
You closely miss the deep elf knight.
The deep elf knight is almost dead.
Wolf hits something with a +0 quarterstaff!
You hear some strange, mumbled words.
A lance of force appears from out of thin air!
The lance of force hits you!
You are knocked back by the lance of force.
You slam into the translucent rock wall!
* * * LOW HITPOINT WARNING * * *
The deep elf knight casts a spell at you.
The lance of force hits you.
* * * LOW HITPOINT WARNING * * *
You are knocked back by the lance of force.
You slam into the rock wall!
Okay, then.
Wolf closely misses something.
You hear a bow twang.
An arrow appears from out of thin air!
You block the arrow.
Wolf points next to the deep elf knight and mumbles some strange words.
The stone arrow hits something!!
Reactivating autopickup.
You feel a bit more experienced.
The deep elf knight gestures at you while chanting.
The shard of ice misses you.
Wolf is recalled.
The deep elf knight casts a spell at you.
The shard of ice hits you!!
You die...

##...###..# ##..#(#..#
#).###?.# #.e.....#
#....(..# ###....##
#..### #.## #@#
###R###### #.<......#
#....)...# #........#
##############[...)...#
...........[['........#
.#############[....)..#
## #.....>..#


You could see the friendly Wolf the battlemage, a deep elf knight (ally target)
and a +7 triple sword.

Vanquished Creatures
  Erica (D:11)
  A cyclops (D:11)
  Joseph (D:9)
  An ice statue (IceCv)
  A gargoyle (D:11)
  Maggie (D:7)
  2 ice devils
  Prince Ribbit (D:5)
  A shadow (D:12)
  A wraith (D:12)
  3 yaks
  A dire elephant simulacrum (IceCv)
  A steam dragon (D:9)
  2 vampire mosquitoes
  A harpy simulacrum (IceCv)
  A water moccasin (D:5)
  3 acid dragons
  2 orc warriors
  An ice beast (D:8)
  A black bear (D:3)
  Pargi (Sewer)
  3 ogres
  A centaur (D:10)
  A phantom (D:7)
  5 bullfrogs
  3 kobold brigands
  3 gnoll sergeants
  A wight (D:9)
  4 killer bees
  4 howler monkeys
  A hound (D:4)
  A gnoll bouda (D:4)
  2 orc priests
  Ijyb (D:5)
  2 sleepcaps (D:5)
  Natasha (thrice) (D:2)
  An iguana (D:6)
  4 orc wizards
  An ogre zombie (D:10)
  22 gnolls
  2 river rats
  9 adders
  2 ufetubi
  A worm (D:2)
  A dart slug (D:1)
  25 orcs
  4 bats
  5 endoplasms
  5 giant cockroaches
  2 goblins
  7 hobgoblins
  7 jackals (D:2)
  A quokka (D:1)
  19 ball pythons
  8 frilled lizards
  A hobgoblin skeleton (D:10)
  17 kobolds
  2 orc skeletons (D:10)
  8 orc zombies (D:10)
  3 rats (D:4)
220 creatures vanquished.

Vanquished Creatures (collateral kills)
  Fannar (D:10)
  A two-headed ogre (D:11)
  A deep elf knight (D:11)
  2 orc knights (D:11)
  A deep elf pyromancer (D:12)
  A manticore (D:11)
  An ice statue (IceCv)
  A gargoyle (D:12)
  6 ice devils
  A hornet (D:10)
  3 shadows
  A dire elephant simulacrum (IceCv)
  11 yaks
  4 vampire mosquitoes
  A death yak simulacrum (IceCv)
  2 orc warriors
  A sky beast (D:8)
  2 centaurs
  A phantom (D:10)
  A gnoll sergeant (D:12)
  2 bullfrogs (D:9)
  A cane toad simulacrum (IceCv)
  2 two-headed ogre simulacra (IceCv)
  3 wights (D:9)
  2 elephant simulacra (IceCv)
  8 killer bees
  A howler monkey (D:10)
  3 hounds
  2 gnoll boudas
  2 jellies (D:6)
  An orc priest (D:11)
  A sleepcap (D:5)
  8 orc wizards
  A polar bear simulacrum (IceCv)
  A troll simulacrum (IceCv)
  7 ogre zombies (D:10)
  9 gnolls
  3 naga simulacra (IceCv)
  A shadow imp (D:7)
  2 white imps (IceCv)
  An ufetubus (IceCv)
  15 orcs
  A ball python (D:4)
  8 kobolds
  A goblin zombie (D:10)
  A hobgoblin skeleton (D:10)
  3 hobgoblin zombies (D:10)
  An orc skeleton (D:10)
  8 orc zombies (D:10)
142 creatures vanquished.

Vanquished Creatures (others)
  9 battlemagi
  3 ancestors
  A giant cockroach (D:3)
  A bush (D:4)
  3 plants (D:5)
17 creatures vanquished.

Grand Total: 379 creatures vanquished

Notes
Turn   | Place    | Note
-------+----------+-------------------------------------------
     0 | D:1      | freelancePsychic the Demonspawn Brigand began the quest for
                  | the Orb.
     0 | D:1      | Reached XP level 1. HP: 16/16 MP: 1/1
   229 | D:1      | Gained mutation: You have a small tail. [demonic ancestry]
   229 | D:1      | Reached XP level 2. HP: 22/22 MP: 2/2
   989 | D:2      | You fall into a shaft and drop 1 floor!
  1063 | D:3      | Noticed a black bear
  1078 | D:3      | Killed a black bear
  1079 | D:3      | Reached skill level 3 in Fighting
  1079 | D:3      | Gained mutation: You regenerate a little health from kills.
                  | [demonic ancestry]
  1079 | D:3      | Reached XP level 3. HP: 29/29 MP: 3/3
  1079 | D:3      | Gained mutation: You regenerate health from kills. [demonic
                  | ancestry]
  1079 | D:3      | Reached XP level 4. HP: 35/35 MP: 4/4
  1105 | D:3      | Found a radiant altar of Vehumet.
  1235 | D:3      | Gained mutation: You are partially covered in slimy green
                  | scales. (AC +2) [demonic ancestry]
  1235 | D:3      | Reached XP level 5. HP: 26/41 MP: 5/5
  1457 | D:3      | Found a hazy altar of Hepliaklqana.
  1473 | D:3      | Became a worshipper of Hepliaklqana the Forgotten
  1673 | D:2      | Noticed Natasha
  1673 | D:2      | Found a faded altar of an unknown god.
  1682 | D:2      | Killed Natasha
  1808 | D:2      | Noticed Natasha
  1820 | D:2      | Killed Natasha
  1895 | D:2      | Reached XP level 6. HP: 47/47 MP: 6/6
  2085 | D:2      | Noticed Natasha
  2095 | D:2      | Killed Natasha
  2391 | D:4      | Found a glowing drain.
  2418 | Sewer    | Entered a sewer
  2517 | Sewer    | Noticed Pargi
  2522 | Sewer    | Killed Pargi
  2523 | Sewer    | Reached skill level 4 in Fighting
  2523 | Sewer    | Reached skill level 5 in Stealth
  2626 | D:4      | Reached * piety under Hepliaklqana
  2680 | D:4      | Found an ornate altar of the Wu Jian Council.
  2752 | D:4      | Gained mutation: You are mostly covered in slimy green
                  | scales. (AC +3) [demonic ancestry]
  2752 | D:4      | Reached XP level 7. HP: 48/48 MP: 7/7
  3051 | D:4      | Found a bloodstained altar of Trog.
  3522 | D:5      | Entered Level 5 of the Dungeon
  3523 | D:5      | Noticed Duvessa
  3557 | D:5      | Reached skill level 1 in Invocations
  3568 | D:5      | Found a runed translucent door.
  3569 | D:5      | Noticed Crazy Yiuf
  3623 | D:5      | Noticed Dowan
  3782 | D:5      | Reached skill level 5 in Staves
  3837 | D:5      | Noticed Prince Ribbit
  3850 | D:5      | Noticed Ijyb
  3877 | D:5      | Killed Ijyb
  3971 | D:5      | Killed Prince Ribbit
  3972 | D:5      | Reached skill level 5 in Fighting
  3972 | D:5      | Reached XP level 8. HP: 53/55 MP: 8/10
  4168 | D:5      | Identified the +0 scale mail "Tasiut" {-Cast +Blink Dex+6}
  4174 | D:5      | Found a staircase to the Ecumenical Temple.
  4306 | D:5      | Found a hide-covered altar of Uskayaw.
  4613 | D:6      | Found a burning altar of Makhleb.
  4666 | D:6      | Reached skill level 1 in Shields
  4871 | D:6      | Reached skill level 6 in Fighting
  4887 | D:6      | Found a blossoming altar of Fedhas.
  4986 | D:6      | Reached ** piety under Hepliaklqana
  4987 | D:6      | Remembered your ancestor Wolf as a battlemage
  5602 | D:7      | Noticed Maggie
  5614 | D:7      | Killed Maggie
  5615 | D:7      | Reached skill level 7 in Fighting
  5615 | D:7      | Gained mutation: You regenerate a lot of health from kills.
                  | [demonic ancestry]
  5615 | D:7      | Reached XP level 9. HP: 54/64 MP: 11/11
  6328 | D:8      | Reached *** piety under Hepliaklqana
  6344 | D:8      | Reached skill level 1 in Maces & Flails
  6366 | D:8      | Reached skill level 5 in Shields
  6451 | D:8      | Reached skill level 8 in Fighting
  6937 | D:9      | Gained mutation: You regenerate magic rapidly. [demonic
                  | ancestry]
  6937 | D:9      | Reached XP level 10. HP: 65/73 MP: 12/12
  7083 | D:9      | Reached skill level 5 in Maces & Flails
  7431 | D:9      | Noticed Joseph
  7500 | D:9      | Killed Joseph
  7862 | D:10     | Entered Level 10 of the Dungeon
  7869 | D:10     | Reached skill level 9 in Fighting
  7921 | D:10     | Found a staircase to the Orcish Mines.
  8038 | D:10     | Noticed Fannar
  8050 | D:10     | Killed Fannar
  8051 | D:10     | Reached XP level 11. HP: 55/81 MP: 13/13
  8130 | D:10     | Reached **** piety under Hepliaklqana
  8909 | D:11     | Noticed a two-headed ogre
  8914 | D:11     | Killed a two-headed ogre
  8933 | D:11     | Reached skill level 10 in Fighting
  8976 | D:11     | Found a frozen archway.
  8985 | IceCv    | Entered an ice cave
  9887 | IceCv    | Noticed a reaper
 10334 | D:11     | Noticed a +7 triple sword
 10338 | D:11     | Noticed a deep elf knight
 10339 | D:11     | Found a staircase to the Lair.
 10339 | D:11     | Noticed a deep elf knight
 10339 | D:11     | Noticed an orc knight
 10547 | D:11     | Noticed Erica
 10774 | D:12     | Noticed a deep elf pyromancer
 10783 | D:12     | Killed a deep elf pyromancer
 10784 | D:12     | Reached skill level 10 in Maces & Flails
 10784 | D:12     | Reached XP level 12. HP: 62/89 MP: 14/14
 11539 | D:11     | Reached skill level 11 in Fighting
 11548 | D:11     | Killed Erica
 11572 | D:11     | Killed from afar by a deep elf knight

Illustrated notes

Levels and vault maps discovered:
D:1:      nzn_arrival_water_spiral, layout_basic
D:2:      layout_basic, hellmonk_ecumenical_altar_run_dry,
          minmay_misc_feat_diagonals, uniq_natasha
D:3:      layout_loops_ring, fiery_altar_vehumet, amcnicky_altar_gilded
D:4:      layout_basic, mainiacjoe_overflow_catch_the_wave, portal_sewer_entry_a
D:5:      layout_loops_ring, nicolae_uskayaw_suspiria,
          minmay_temple_entry_gardened_gates, uniq_duvessa, uniq_prince_ribbit1,
          uniq_ijyb, uniq_crazy_yiuf_cottage
D:6:      layout_gridville, lemuel_crystal_altar, mainiacjoe_overflow_boulevard
D:7:      layout_basic, lemuel_tele_altar, dk_noncrumbling_3, uniq_maggie
D:8:      layout_loops_ring, item_on_display_a
D:9:      layout_long_grid, uniq_joseph
D:10:     layout_gridville, zombieorc2_lemuel, minmay_unpleasant_kobolds,
          uniq_fannar
D:11:     layout_roguey, lair_entry_dummy, portal_ice_cave_demonic_guard,
          sword_in_stone
D:12:     layout_basic, bh_walls_and_bars

Skill      XL: |  1  2  3  4  5  6  7  8  9 10 11 12 |
---------------+-------------------------------------+-----
Short Blades   | 2 |  2.3
Fighting       | 3 4 5 7 8 9 10 11 | 11.1
Staves         | 2 3 4 5 6 |  6.0
Stealth        | 4 5 |  5.2
Invocations    | 3 |  3.7
Shields        | 4 5 7 8 |  8.9
Maces & Flails | 4 7 10 | 10.6
Throwing       | |  1.7
Dodging        | |  0.8

Action                     |  1- 3 |  4- 6 |  7- 9 | 10-12 || total
---------------------------+-------+-------+-------+-------++-------
  Melee: Dagger            |    60 |       |       |       ||    60
         Tailslap          |     7 |    12 |    41 |    75 ||   135
         Quarterstaff      |     1 |   148 |   201 |       ||   350
         Flail             |       |       |    77 |   419 ||   496
  Throw: Dart              |    10 |    22 |    26 |    26 ||    84
 Invoke: Ancestor Identity |       |     1 |       |       ||     1
         Recall Ancestor   |       |       |     1 |     2 ||     3
         Ancestor Life: Ba |       |       |     1 |       ||     1
         Transference      |       |       |       |     1 ||     1
         Idealise          |       |       |       |     6 ||     6
  Evoke: Wand              |       |       |     3 |    18 ||    21
    Use: Scroll            |     3 |     2 |    15 |    10 ||    30
         Potion            |       |       |     1 |     6 ||     7
   Stab: Sleeping          |     4 |     7 |     2 |     3 ||    16
         Distracted        |       |       |     3 |     7 ||    10
 Armour: Leather armour    |    15 |    42 |     3 |       ||    60
         Ring mail         |       |       |    45 |       ||    45
         Steam dragon scal |       |       |    63 |   140 ||   203
  Dodge: Dodged            |    32 |    92 |   146 |   158 ||   428
         Repelled          |       |       |     1 |     6 ||     7
  Block: Kite shield       |       |       |    46 |   346 ||   392

Table legend: (Time is in decaauts)
 A = Elapsed time spent in this place.
 B = Non-inter-level travel time spent in this place.
 C = Inter-level travel time spent in this place.
 D = Time resting spent in this place.
 E = Time spent auto-exploring this place.
 F = Levels seen in this place.
 G = Mean time per level.
                   A        B        C        D        E       F      G
               +--------+--------+--------+--------+--------+-----+--------+
         Total |  11674 |  11289 |    385 |    644 |   7895 |  14 |  833.9 |
       Dungeon |  10329 |   9944 |    385 |    271 |   7305 |  12 |  860.8 |
         Sewer |    189 |    189 |      0 |      0 |    116 |   1 |  189.0 |
      Ice Cave |   1156 |   1156 |      0 |    373 |    474 |   1 | 1156.0 |
               +--------+--------+--------+--------+--------+-----+--------+

Top non-repeatable levels by time:
   IceCv: 1156 daAuts
     D:5: 1045 daAuts
    D:10: 1004 daAuts
     D:6: 989 daAuts
    D:12: 963 daAuts
     D:9: 953 daAuts
     D:4: 922 daAuts
     D:3: 873 daAuts
     D:1: 868 daAuts
     D:8: 743 daAuts
     D:2: 725 daAuts
     D:7: 639 daAuts
    D:11: 600 daAuts
   Sewer: 189 daAuts
